 Dungeon Crawl Stone Soup version 0.22-a0-283-g1871b15 (webtiles) character file.

17130 DMaster the Fighter (level 12, -22/99 (100) HPs)
             Began as a Demonspawn Gladiator on Mar 19, 2018.
             Was an Initiate of Gozag.
             Hit by a large rock thrown by a stone giant (24 damage)
             ... on level 12 of the Dungeon.
             The game lasted 00:30:12 (16595 turns).

DMaster the Fighter (Demonspawn Gladiator)         Turns: 16595, Time: 00:30:13

HP:   -22/99 (100)  AC: 15    Str: 21    XL:     12   Next: 16%
MP:   0/19          EV:  2    Int: 11    God:    Gozag
Gold: 714           SH:  0    Dex: 12    Spells: 11/11 levels left

rFire    x . .     SeeInvis .   a - +2 scimitar
rCold    + + .     Gourm    .   i - +0 shield
rNeg     + + +     Faith    .   K - +0 ice dragon scales
rPois    ∞         Spirit   +   (helmet unavailable)
rElec    .         Reflect  .   h - +0 cloak
rCorr    .         Harm     .   (no gloves)
MR       .....                  c - +0 pair of boots
Stlth    +.........             F - amulet of rage
HPRegen  0.26/turn              H - ring of stealth
MPRegen  0.16/turn              (no ring)

@: petrified
A: horns 3, clumsy 1, poison resistance, screaming 1, spiny 1, strong 1, magic
shield
a: Potion Petition, Call Merchant, Bribe Branch, Renounce Religion, Evoke
Berserk Rage


You were on level 12 of the Dungeon.
You worshipped Gozag.
Gozag was pleased with you.
You were not hungry.

You visited 2 branches of the dungeon, and saw 14 of its levels.
You also visited: Ossuary.

You collected 3550 gold pieces.
You spent 850 gold pieces at shops.
You paid 1986 gold pieces to Gozag.

Inventory:

Hand Weapons
 a - a +2 scimitar (weapon)
 b - a +1 dagger of venom
 t - a +0 long sword
 D - a +0 flail of draining
Armour
 c - a +0 pair of boots (worn)
 h - a +0 cloak (worn)
 i - a +0 shield (worn)
 K - +0 ice dragon scales (worn)
Jewellery
 F - an amulet of rage (around neck)
 H - a ring of stealth (left hand)
Wands
 e - a wand of acid (8)
 f - a wand of enslavement (10)
 n - a wand of iceblast (11)
Scrolls
 d - a scroll of amnesia
 j - 4 scrolls of teleportation
 k - 4 scrolls of fear
 l - 2 scrolls of fog {unknown}
 m - a scroll of torment
 p - 2 scrolls of noise {unknown}
 v - 2 scrolls of magic mapping {unknown}
 w - 5 scrolls of enchant armour
 y - 4 scrolls of blinking
 z - 3 scrolls of enchant weapon
 B - a scroll of immolation
 E - 2 scrolls of remove curse
Potions
 g - 2 potions of curing
 o - a potion of might {unknown}
 q - a potion of mutation
 u - a potion of degeneration {unknown}
 x - 3 potions of brilliance {unknown}
 A - a potion of haste
 C - a potion of heal wounds
 G - a potion of resistance {unknown}
 J - a potion of flight {unknown}
Comestibles
 r - 9 rations


   Skills:
 - Level 11.1 Fighting
 + Level 5.9 Long Blades
 - Level 1.7 Throwing
 - Level 9.8 Armour
 - Level 2.6 Dodging
 + Level 5.0 Shields
 - Level 10.3 Evocations


You had 11 spell levels left.
You didn't know any spells.

Dungeon Overview and Level Annotations

Branches:
Dungeon (13/15)            Temple (0/1) D:5            Lair (0/6) D:8
    Orc (1/2) D:12
 Vaults: D:13-14

Altars:
Dithmenos
Gozag
Hepliaklqana
Kikubaaqudgha
Makhleb
Nemelex Xobeh
Ru
Trog
Zin
The Shining One

Shops:
D:6 }   D:12 (

Annotations:
D:7 exclusion: 2 downstairs
D:12 Fannar


Innate Abilities, Weirdness & Mutations

You have a pair of large horns on your head.
You are partially covered in sharp spines.
When hurt, damage is shared between your health and your magic reserves.
You are clumsy. (Dex -2)
Your system is resistant to poisons. (rPois)
You occasionally shout uncontrollably at your foes.
Your muscles are strong. (Str +2)


Message History

The yaktaur hits you with an enchanted lajatang!!
* * * LOW HITPOINT WARNING * * *
The stone giant throws a large rock.
The large rock hits you!!
* * * LOW HITPOINT WARNING * * *
The hippogriff bites you.
The hippogriff pecks you but does no damage.
The hippogriff claws you.
A fire giant comes into view.
It is wielding a great sword of flaming.
Something hits you.
* * * LOW HITPOINT WARNING * * *
The yaktaur hits you with an enchanted lajatang!!
* * * LOW HITPOINT WARNING * * *
The scorpion is struck by your spines.
The scorpion stings you but does no damage.
The hippogriff barely misses you.
The hippogriff pecks you but does no damage.
The hippogriff claws you but does no damage.
The stone giant throws a large rock.
The large rock hits you!!!
You die...
Your body crumbles into a pile of gold.

......# ##.#...#.##
........ #...##
####..... #....## .# #
....../ ##...H#'..## #
....... ##9JD.####. #
....... ##....##.. #
######### #9....### ..
##......c##.9...##......
...# +......@H.##....
#..... ...#
##.....s{{.##... #....
...# #######...C'#..
#### ...# #....##. #..
...# #C...## ##. #....
## #... # #..


You could see a fire giant, a stone giant, a yaktaur (berserk), a hippogriff and
a scorpion.

Vanquished Creatures
  3 two-headed ogres
  An unseen horror (D:11)
  An orc knight (D:11)
  2 ugly things
  An orc sorcerer (Orc:1)
  Psyche (D:12)
  3 centaur zombies (D:11)
  A komodo dragon (D:11)
  The ghost of DMaster the Skirmisher, an amateur DsGl (D:6)
  3 trolls
  A raiju (shapeshifter) (D:10)
  6 slime creatures
  3 hippogriffs
  6 yaks (D:11)
  The ghost of slAvIk159 the Skirmisher, an amateur MiFi (D:3)
  A basilisk (D:13)
  4 wraiths
  4 vampire mosquitoes (D:12)
  7 wargs
  A water moccasin (D:8)
  2 ice beasts
  3 sky beasts
  5 orc warriors
  2 black bears
  3 necrophages
  8 ogres
  An eye of draining (D:10)
  3 centaurs
  3 wolves
  A phantom (D:7)
  3 big kobolds
  4 bullfrogs
  4 scorpions
  6 wights
  2 electric eels (D:8)
  7 crimson imps
  2 jellies
  3 quasits
  4 bullfrog zombies
  2 centaur skeletons
  10 orc priests
  8 hounds
  A bullfrog skeleton (D:6)
  Natasha (thrice) (D:3)
  5 iguanas
  14 orc wizards
  8 worker ants
  Terence (D:2)
  A killer bee zombie (D:10)
  A hound skeleton (D:6)
  A mummy (D:11)
  3 gnolls (D:8)
  8 adders
  2 shadow imps
  2 oozes
  An adder skeleton (D:4)
  An adder zombie (D:5)
  3 worms (D:2)
  A dart slug (D:2)
  6 leopard geckos
  42 orcs
  5 giant cockroaches
  7 goblins
  10 hobgoblins
  8 jackals
  24 kobolds
  7 quokkas
  A ball python (D:3)
  A ball python skeleton (Ossuary)
  A ball python zombie (D:5)
  11 bats
  3 frilled lizards
  A goblin skeleton (D:4)
  2 goblin zombies (D:4)
  A hobgoblin skeleton (Ossuary)
  5 hobgoblin zombies
  A kobold skeleton (D:4)
  2 kobold zombies (D:4)
  An orc skeleton (Ossuary)
  2 orc zombies (Ossuary)
  A quokka skeleton (D:4)
  11 rats
  A plant (D:3)
347 creatures vanquished.

Vanquished Creatures (collateral kills)
  An orc warrior (D:11)
  A necrophage (D:11)
  2 wights (D:11)
  An orc priest (D:10)
  An orc wizard (D:11)
  A worker ant (D:11)
7 creatures vanquished.

Vanquished Creatures (others)
  An acid dragon (D:12)
  A sky beast (D:12)
2 creatures vanquished.

Grand Total: 356 creatures vanquished

Notes
Turn   | Place    | Note
-------+----------+-------------------------------------------
     0 | D:1      | DMaster the Demonspawn Gladiator began the quest for the Orb.
     0 | D:1      | Reached XP level 1. HP: 16/16 MP: 1/1
    77 | D:1      | Gained mutation: You have a pair of small horns on your head. [demonic ancestry]
    77 | D:1      | Reached XP level 2. HP: 8/23 MP: 2/2
   290 | D:2      | Reached skill level 3 in Fighting
   460 | D:2      | Reached skill level 1 in Armour
   475 | D:2      | Reached XP level 3. HP: 24/29 MP: 3/3
   574 | D:3      | Gained mutation: You have a pair of horns on your head. [demonic ancestry]
   574 | D:3      | Reached XP level 4. HP: 15/37 MP: 4/4
  1223 | D:4      | Reached skill level 4 in Fighting
  1246 | D:4      | Found a glowing golden altar of the Shining One.
  1257 | D:4      | Reached XP level 5. HP: 37/42 MP: 5/5
  1522 | D:4      | Found an opulent altar of Gozag.
  1546 | D:4      | Became a worshipper of Gozag Ym Sagoz the Greedy
  1645 | D:3      | Noticed slAvIk159's ghost (amateur MiFi)
  1650 | D:3      | Reached skill level 5 in Fighting
  1650 | D:3      | Gained mutation: You have a pair of large horns on your head. [demonic ancestry]
  1650 | D:3      | Reached XP level 6. HP: 18/51 MP: 6/6
  1665 | D:3      | HP: 1/51 [something (2)]
  1672 | D:3      | Gained mutation: Your muscles are strong. (Str +2) [potion of mutation]
  1672 | D:3      | Gained mutation: You occasionally shout uncontrollably at your foes. [potion of mutation]
  1672 | D:3      | Gained mutation: You are clumsy. (Dex -2) [potion of mutation]
  1672 | D:3      | Gained mutation: Your system is resistant to poisons. (rPois) [potion of mutation]
  3142 | D:2      | Noticed Terence
  3547 | D:2      | Killed Terence
  3702 | D:2      | Found a glowing golden altar of the Shining One.
  3836 | D:3      | Noticed Natasha
  3854 | D:3      | Killed Natasha
  4068 | D:3      | Noticed Natasha
  4077 | D:3      | Killed Natasha
  4095 | D:3      | Noticed Natasha
  4102 | D:3      | HP: 2/51 [Natasha (5)]
  4104 | D:3      | Killed Natasha
  4420 | D:5      | Entered Level 5 of the Dungeon
  4441 | D:5      | Found a sparkling altar of Nemelex Xobeh.
  4460 | D:5      | Reached XP level 7. HP: 53/57 MP: 7/7
  4541 | D:5      | Found a staircase to the Ecumenical Temple.
  4569 | D:5      | Reached skill level 6 in Fighting
  4743 | D:5      | Found a sand-covered staircase.
  4754 | Ossuary  | Entered an ossuary
  4864 | Ossuary  | Noticed a flying skull
  4864 | Ossuary  | Noticed a wraith
  4873 | Ossuary  | Noticed a flying skull
  4896 | Ossuary  | Noticed a flying skull
  4926 | Ossuary  | Noticed a wraith
  4941 | Ossuary  | Killed a wraith
  4941 | Ossuary  | Reached skill level 5 in Armour
  5203 | Ossuary  | Noticed a flying skull
  5207 | Ossuary  | Noticed a wraith
  5257 | Ossuary  | Killed a wraith
  5257 | Ossuary  | Reached skill level 7 in Fighting
  5257 | Ossuary  | Reached XP level 8. HP: 23/67 MP: 8/8
  6137 | D:6      | Noticed DMaster's ghost (amateur DsGl)
  6173 | D:6      | Killed DMaster's ghost
  6303 | D:6      | Got a twisted leather armour
  6411 | D:6      | Reached skill level 8 in Fighting
  6719 | D:6      | Bought a wand of paralysis (8) for 150 gold pieces
  6838 | D:6      | Found a burning altar of Makhleb.
  7022 | D:7      | Identified the +6 leather armour of Dogma {+Fly Str+3 Slay-4} (You found it on level 6 of the Dungeon)
  7085 | D:7      | Found a shadowy altar of Dithmenos.
  7092 | D:7      | Reached skill level 1 in Evocations
  7145 | D:7      | Reached XP level 9. HP: 63/75 MP: 8/10
  7271 | D:7      | Found an ancient bone altar of Kikubaaqudgha.
  7540 | D:7      | Found a hazy altar of Hepliaklqana.
  7587 | D:7      | Found a glowing silver altar of Zin.
  8319 | D:8      | Reached skill level 9 in Fighting
  8321 | D:8      | Noticed a two-headed ogre
  8463 | D:3      | Killed slAvIk159's ghost
  9420 | D:8      | Noticed a troll
  9797 | D:8      | Reached skill level 5 in Evocations
 10153 | D:8      | Killed a two-headed ogre
 10153 | D:8      | Gained mutation: You are partially covered in sharp spines. [demonic ancestry]
 10153 | D:8      | Reached XP level 10. HP: 83/83 MP: 12/14
 10191 | D:8      | Found a staircase to the Lair.
 11178 | D:9      | Reached skill level 10 in Fighting
 11242 | D:9      | Found a bloodstained altar of Trog.
 11452 | D:10     | Entered Level 10 of the Dungeon
 12457 | D:11     | Killed an unseen horror
 12474 | D:11     | Reached XP level 11. HP: 66/91 MP: 17/17
 12949 | D:11     | Noticed a white ugly thing
 12969 | D:11     | Killed a white ugly thing
 13254 | D:11     | Noticed an orc knight
 13290 | D:11     | Killed an orc knight
 13614 | D:11     | Noticed a two-headed ogre
 13621 | D:11     | Killed a two-headed ogre
 13621 | D:11     | Reached skill level 11 in Fighting
 13622 | D:11     | Reached skill level 10 in Evocations
 13886 | D:10     | Found a sacrificial altar of Ru.
 13979 | D:12     | Found a staircase to the Orcish Mines.
 13983 | D:12     | Noticed a two-headed ogre
 13987 | D:12     | Killed a two-headed ogre
 13987 | D:12     | Reached skill level 1 in Shields
 14381 | D:12     | Noticed a purple ugly thing
 14469 | D:12     | Killed a purple ugly thing
 14482 | Orc:1    | Entered Level 1 of the Orcish Mines
 15293 | Orc:1    | Noticed an orc sorcerer
 15304 | Orc:1    | Killed an orc sorcerer
 15312 | Orc:1    | Noticed an orc high priest
 15350 | D:12     | Reached skill level 5 in Long Blades
 15735 | D:12     | Gained mutation: When hurt, damage is shared between your health and your magic reserves. [demonic ancestry]
 15735 | D:12     | Reached XP level 12. HP: 80/99 MP: 19/19
 15934 | D:12     | Noticed a two-headed ogre
 16019 | D:12     | Noticed Psyche
 16032 | D:12     | Killed Psyche
 16080 | D:12     | Noticed an eight-headed hydra
 16083 | D:12     | Paralysed by a sphinx for 5 turns
 16084 | D:12     | Noticed a sphinx
 16087 | D:12     | Noticed a war gargoyle
 16111 | D:12     | Paralysed by fainting for 5 turns
 16153 | D:12     | Paralysed by fainting for 6 turns
 16183 | D:13     | Bought a ration for 70 gold pieces
 16183 | D:13     | Bought a ration for 70 gold pieces
 16183 | D:13     | Bought a ration for 70 gold pieces
 16183 | D:13     | Bought a ration for 70 gold pieces
 16183 | D:13     | Bought a ration for 70 gold pieces
 16183 | D:13     | Bought a ration for 70 gold pieces
 16183 | D:13     | Bought a ration for 70 gold pieces
 16183 | D:13     | Bought a ration for 70 gold pieces
 16183 | D:13     | Bought a ration for 70 gold pieces
 16183 | D:13     | Bought a ration for 70 gold pieces
 16448 | D:13     | Noticed a catoblepas
 16493 | D:12     | Reached skill level 5 in Shields
 16587 | D:12     | Noticed Fannar
 16592 | D:12     | Noticed a stone giant
 16595 | D:12     | Noticed a fire giant
 16595 | D:12     | HP: 2/99 [yaktaur/enchanted lajatang (13)]
 16595 | D:12     | Hit by a large rock thrown by a stone giant

Vault maps used:
D:1:      mushboom_english_gardens
D:2:      tso_oasis_becter, minmay_misc_feat_room, uniq_terence
D:3:      lexackson_kobold_supper, uniq_natasha
D:4:      lemuel_doored_altar, first_ration, nicolae_tso_besieged_by_evil
D:5:      nemelex_xobeh_ov_fountains_minmay, minmay_temple_entry_grid,
          enter_ossuary_1
D:6:      makhleb_blood_cavern_becter
D:7:      lemuel_round_altar, kiku_gazebo_pond_becter, old_standard_altar,
          nicolae_overflow_crystal_walls
D:8:      erik_lair_island
D:9:      bloody_trog, nicolae_underground_beach
D:10:     lemuel_upstairs_altar
D:11:     serial_undead, serial_undead_e, serial_undead_d, serial_undead_e,
          serial_undead_b
D:12:     minmay_octo_star, orc_0_dummy, uniq_psyche, uniq_fannar
D:13:     minmay_outward_triangles, uniq_snorg
Orc:1:    cheibrodos_orc_guarddog, nicolae_orc_lost_temple
Ossuary:  ossuary_due_cavern

Skill      XL: |  1  2  3  4  5  6  7  8  9 10 11 12 |
---------------+-------------------------------------+-----
Fighting       | 3 4 5 7 8 9 10 11 | 11.1
Armour         | 1 2 3 4 5 7 8 9 |  9.8
Evocations     | 1 6 8 10 | 10.3
Long Blades    | 5 |  5.9
Shields        | 4 5 |  5.0
Throwing       | |  1.7
Dodging        | |  2.6

Action                   |  1- 3 |  4- 6 |  7- 9 | 10-12 || total
-------------------------+-------+-------+-------+-------++-------
Melee: Long sword        |    72 |   155 |    38 |       ||   265
       Headbutt          |    14 |    32 |    59 |   119 ||   224
       Flail             |    11 |    57 |       |       ||    68
       Scimitar          |       |       |   232 |   369 ||   601
       Dagger            |       |       |     7 |   142 ||   149
Throw: Throwing net      |       |       |       |     3 ||     3
Invok: Potion Petition   |       |     1 |       |       ||     1
       Call Merchant     |       |       |     1 |     2 ||     3
Evoke: Wand              |       |       |     5 |    21 ||    26
  Use: Potion            |       |     2 |     8 |       ||    10
       Scroll            |       |       |     8 |    11 ||    19
 Stab: Distracted        |       |       |     2 |       ||     2
       Paralysed         |       |       |     7 |    20 ||    27
       Held in net/web   |       |       |       |     1 ||     1
       Sleeping          |       |       |       |     1 ||     1
  Eat: Chunk             |       |     3 |       |       ||     3
       Ration            |       |     3 |     5 |     7 ||    15
Armor: Ring mail         |    37 |    86 |    98 |    73 ||   294
       Skin              |       |       |     3 |       ||     3
       Ice dragon scales |       |       |       |   172 ||   172
Dodge: Dodged            |    48 |   134 |   136 |   147 ||   465
Block: Shield            |       |       |    63 |   205 ||   268
       Rpst.: Long sword |    12 |    33 |     6 |       ||    51
       Scimitar          |       |       |    37 |    26 ||    63

Table legend:
 A = Spawn XP
 B = Non-spawn XP
 C = Spawn XP percentage of total XP
 D = Spawn monster count
 E = Non-spawn monster count
 F = Spawn count percentage of total count
 G = Total turns spent on level
                    A         B        C        D         E        F      G
               +---------+---------+-------+---------+---------+-------+---------
         Total |       0 |   24472 |   0.0 |       0 |     353 |   0.0 | 16595
               +---------+---------+-------+---------+---------+-------+---------
           D:1 |       0 |      44 |   0.0 |       0 |      24 |   0.0 |   700
           D:2 |       0 |      74 |   0.0 |       0 |      18 |   0.0 |  1013
           D:3 |       0 |     483 |   0.0 |       0 |      35 |   0.0 |  1642
           D:4 |       0 |     321 |   0.0 |       0 |      29 |   0.0 |  2021
           D:5 |       0 |     347 |   0.0 |       0 |      23 |   0.0 |   914
           D:6 |       0 |     966 |   0.0 |       0 |      18 |   0.0 |   947
           D:7 |       0 |    1105 |   0.0 |       0 |      13 |   0.0 |  1936
           D:8 |       0 |    3424 |   0.0 |       0 |      47 |   0.0 |  1206
           D:9 |       0 |     238 |   0.0 |       0 |       6 |   0.0 |   296
          D:10 |       0 |    2225 |   0.0 |       0 |      41 |   0.0 |  1579
          D:11 |       0 |    7390 |   0.0 |       0 |      39 |   0.0 |   931
          D:12 |       0 |    5300 |   0.0 |       0 |      26 |   0.0 |  1780
          D:13 |       0 |     475 |   0.0 |       0 |       6 |   0.0 |   294
         Orc:1 |       0 |    1479 |   0.0 |       0 |      15 |   0.0 |   559
       Ossuary |       0 |     601 |   0.0 |       0 |      13 |   0.0 |   777
               +---------+---------+-------+---------+---------+-------+---------
